 Dungeon Crawl Stone Soup version 0.21-a0-111-g52d2817 (webtiles) character file.

463 tof the Twirler (level 6, -2/47 HPs)
             Began as a Demonspawn Gladiator on July 11, 2017.
             Splashed by Ijyb's acid (14 damage)
             ... on level 5 of the Dungeon.
             The game lasted 00:08:14 (3728 turns).

tof the Twirler (Demonspawn Gladiator)              Turns: 3728, Time: 00:08:15

Health: -2/47      AC:  6    Str: 16    XL:     6   Next: 79%
Magic:  6/6        EV: 12    Int:  7    God:
Gold:   84         SH:  0    Dex: 15    Spells: 5/5 levels left

rFire    . . .     SeeInvis .   a - +0 quarterstaff
rCold    . . .     Gourm    .   (shield currently unavailable)
rNeg     . . .     Faith    .   q - +0 ring mail
rPois    .         Spirit   .   c - +0 helmet
rElec    .         Reflect  .   (no cloak)
rCorr    .         Harm     .   x - +0 pair of gloves
MR       +....     Clarity  +   (no boots)
Stlth    +.........             (no amulet)
HPRegen  0.15/turn              n - ring of protection from magic
MPRegen  0.10/turn              (no ring)

@: corroded
A: hooves 1, slimy green scales 2, clarity, dopey 1, subdued magic 1, MP-powered
wands
a: no special abilities


You were on level 5 of the Dungeon.
You were not hungry.

You visited 1 branch of the dungeon, and saw 5 of its levels.

You collected 84 gold pieces.

Inventory:

Hand Weapons
 a - a +0 quarterstaff (weapon)
 b - a +0 hunting sling
Missiles
 d - 3 throwing nets (quivered)
 k - 168 stones
 u - 16 sling bullets
Armour
 c - a +0 helmet (worn)
 q - a +0 ring mail (worn)
 x - a +0 pair of gloves (worn)
Jewellery
 n - a ring of protection from magic (left hand)
Scrolls
 g - 2 scrolls of remove curse
 i - a scroll of teleportation
 o - a scroll of blinking {unknown}
 p - a scroll of recharging {unknown}
 r - a scroll of fog {unknown}
 v - 3 scrolls of identify
 w - a scroll of random uselessness {unknown}
Potions
 e - a potion of agility {unknown}
 h - a potion of cancellation
 j - a potion of curing {unknown}
 s - a potion of berserk rage {unknown}
Comestibles
 f - 2 bread rations
 l - 2 royal jellies
 m - 3 fruits
 t - a meat ration
 z - 2 chunks of flesh


   Skills:
 + Level 3.5 Fighting
 * Level 4.7 Staves
 + Level 2.9 Throwing
 + Level 2.2 Armour
 + Level 3.6 Dodging


You had 5 spell levels left.
You didn't know any spells.

Dungeon Overview and Level Annotations

Branches:
Dungeon (5/15)
 Temple: D:4-7

Altars:
Xom

Annotations:
D:4 Eustachio
D:5 Ijyb


Innate Abilities, Weirdness & Mutations

You have large cloven feet.
You are mostly covered in slimy green scales. (AC +3)
You possess an exceptional clarity of mind.
You are dopey. (Int -2)
Your spells are a little easier to cast, but a little less powerful.
You expend magic power (3 MP) to strengthen your wands.


Message History

There is a stone staircase leading down, spattered with blood here.
You start resting.
HP restored.
You climb downwards.
Level annotation: Ijyb Ijyb hits you but does no damage. x2
There is a stone staircase leading up here.
You sock Ijyb! You kick Ijyb.
Ijyb is heavily wounded.
Ijyb zaps a wand.
The bolt of acid hits you!
You are splashed with acid!
The acid burns!
You closely miss Ijyb. You kick Ijyb, but do no damage.
Ijyb is heavily wounded.
Ijyb hits you but does no damage.
You hit Ijyb.
Ijyb is severely wounded.
Ijyb zaps a wand.
The bolt of acid hits you!
* * * LOW HITPOINT WARNING * * *
The acid corrodes you!
You are splashed with acid!
The acid burns!
You die...

.(.. (.. (. .
#### #####
###.[. #@g.#
#..... ###.#
######..... #.#
#..........
#.####.####.....
#.g...g.........
#.####.....#####
#....#.....#
#.##.#.....#
#.#........#


You could see Ijyb.

Vanquished Creatures
  An ice beast (D:5)
  An ogre (D:5)
  A phantom (D:4)
  A hound (D:4)
  2 iguanas (D:4)
  3 adders
  A dart slug (D:4)
  3 worms
  3 leopard geckos
  3 orcs (D:3)
  3 giant cockroaches
  12 goblins
  9 hobgoblins
  6 jackals
  4 quokkas
  4 ball pythons
  12 bats
  4 frilled lizards (D:2)
  A jackal zombie (D:5)
  11 kobolds
  A rat (D:1)
86 creatures vanquished.

Notes
Turn   | Place    | Note
-------+----------+-------------------------------------------
     0 | D:1      | tof the Demonspawn Gladiator began the quest for the Orb.
     0 | D:1      | Reached XP level 1. HP: 16/16 MP: 1/1
   191 | D:1      | Gained mutation: You are partially covered in slimy green scales. (AC +2) [demonic ancestry]
   191 | D:1      | Reached XP level 2. HP: 14/22 MP: 2/2
   414 | D:1      | Reached skill level 3 in Staves
   756 | D:1      | Reached XP level 3. HP: 16/28 MP: 3/3
   893 | D:2      | Reached skill level 1 in Armour
  1424 | D:2      | Gained mutation: Your spells are a little easier to cast, but a little less powerful. [potion of mutation]
  1424 | D:2      | Gained mutation: You are dopey. (Int -2) [potion of mutation]
  1424 | D:2      | Gained mutation: You expend magic power (3 MP) to strengthen your wands. [potion of mutation]
  1424 | D:2      | Gained mutation: You possess an exceptional clarity of mind. [potion of mutation]
  1668 | D:3      | Gained mutation: You have large cloven feet. [demonic ancestry]
  1668 | D:3      | Reached XP level 4. HP: 33/34 MP: 4/4
  2091 | D:3      | Found a shimmering altar of Xom.
  2511 | D:4      | Noticed a phantom
  2519 | D:4      | Gained mutation: You are mostly covered in slimy green scales. (AC +3) [demonic ancestry]
  2519 | D:4      | Reached XP level 5. HP: 32/40 MP: 5/5
  2554 | D:4      | Killed a phantom
  2554 | D:4      | Reached skill level 4 in Staves
  2593 | D:4      | Noticed Eustachio
  2786 | D:5      | Entered Level 5 of the Dungeon
  2796 | D:5      | Noticed an ogre
  2850 | D:5      | Killed an ogre
  2850 | D:5      | Reached XP level 6. HP: 43/47 MP: 6/6
  2966 | D:5      | Noticed an ice beast
  2983 | D:5      | HP: 2/47 [ice beast (13)]
  2988 | D:5      | Killed an ice beast
  3401 | D:5      | Noticed Ijyb
  3728 | D:5      | Splashed by Ijyb's acid

Vault maps used:
D:1:      minmay_arrival_radiant_lines, minmay_misc_feat_room, st_stairs_1
D:2:      minmay_tripent
D:3:      xom_teletrap_fun
D:4:      first_bread, uniq_pikel, uniq_eustachio
D:5:      okawaru_gym_becter, uniq_edmund, uniq_ijyb

Skill      XL: |  1  2  3  4  5 |
---------------+----------------+-----
Throwing       | 2 |  2.9
Staves         | 3 4 |  4.7
Armour         | 1 2 |  2.2
Dodging        | 3 |  3.6
Fighting       | 3 |  3.5

Action                   |  1- 3 |  4- 6 || total
-------------------------+-------+-------++-------
Melee: Quarterstaff      |   109 |   148 ||   257
       Kick              |       |    40 ||    40
 Fire: Hunting sling     |    35 |    35 ||    70
Throw: Stone             |    14 |       ||    14
  Use: Scroll            |     4 |       ||     4
       Potion            |     1 |       ||     1
  Eat: Chunk             |     2 |     4 ||     6
       Bread ration      |       |     1 ||     1
Armor: Leather armour    |    44 |       ||    44
       Ring mail         |    15 |    58 ||    73
Dodge: Dodged            |   111 |   128 ||   239
